 Dungeon Crawl Stone Soup version 0.30-a0-23-ge60ba3568b (webtiles) character file.

Game seed: 2953186592955701988

402 xian the Sneak (level 6, -13/58 HPs)
             Began as a Gargoyle Delver on Aug 24, 2022.
             Killed from afar by Dowan (16 damage)
             ... with a shard of ice
             ... on level 4 of the Dungeon.
             The game lasted 00:08:19 (3892 turns).

xian the Sneak (Gargoyle Delver)                    Turns: 3892, Time: 00:08:20

Health: -13/58     AC: 13    Str: 17    XL:     6   Next: 85%
Magic:  7/7        EV:  7    Int: 11    God:
Gold:   182        SH:  0    Dex: 11    Spells: 7/7 levels left

rFire   . . .      SeeInvis .    a - +0 mace
rCold   . . .      Faith    +    (no shield)
rNeg    + . .      Spirit   .    r - +0 chain mail
rPois   ∞          Reflect  .    (no helmet)
rElec   +          Harm     .    (no cloak)
rCorr   .          Rampage  .    (no gloves)
Will    .....                    (no boots)
Stlth   ..........               h - amulet of faith
HPRegen 0.19/turn                (no ring)
MPRegen 0.10/turn                (no ring)

@: berserking (expiring), very quick
A: sickness immunity, AC +4, negative energy resistance 1, electricity
resistance, torment resistance 1, petrification resistance
a: no special abilities


You were on level 4 of the Dungeon.
You visited 1 branch of the dungeon, and saw 5 of its levels.

You collected 182 gold pieces.

Inventory:

Hand Weapons
 a - a +0 mace (weapon)
 i - a +0 war axe
Missiles
 k - 7 poisoned darts (quivered)
Armour
 r - a +0 chain mail (worn)
Jewellery
 h - an amulet of faith (around neck)
 u - a ring of protection from cold
Wands
 g - a wand of digging (3)
 y - a wand of iceblast (8)
Scrolls
 c - a scroll of fog
 d - 4 scrolls of magic mapping
 e - 3 scrolls of fear
 j - 3 scrolls of teleportation
 m - 3 scrolls of noise {unknown}
 p - 2 scrolls of enchant armour {unknown}
 q - a scroll of summoning
 s - 3 scrolls of amnesia {unknown}
 A - a scroll of torment
Potions
 b - 2 potions of attraction {unknown}
 f - a potion of haste
 l - 3 potions of curing
 n - 2 potions of heal wounds {unknown}
 o - 2 potions of might {unknown}
 t - a potion of magic
 v - 2 potions of berserk rage
 w - a potion of mutation
 x - a potion of cancellation {unknown}
 z - a potion of brilliance {unknown}


   Skills:
 + Level 4.6 Fighting
 + Level 4.0 Maces & Flails
 * Level 4.3 Armour
 - Level 1.5 Dodging
 - Level 5.4 Stealth
 * Level 1.2 Spellcasting
 * Level 1.3 Summonings


You had 7 spell levels left.
You didn't know any spells.
Your spell library contained the following spells:

 Spells                   Type           Power      Damage    Failure   Level
 Call Imp                 Summ           3%         N/A       98%         2
 Slow                     Hex            0%         N/A       99%         1
 Call Canine Familiar     Summ           3%         N/A       100%        3
 Confusing Touch          Hex            0%         N/A       100%        3
 Portal Projectile        Hex/Tloc       0%         N/A       100%        3
 Stone Arrow              Conj/Erth      0%         3d7       100%        3
 Vampiric Draining        Necr           0%         2d6       100%        3
 Animate Armour           Summ/Erth      4%         N/A       100%        4
 Cause Fear               Hex            0%         N/A       100%        4
 Leda's Liquefaction      Hex/Erth       0%         N/A       100%        4
 Summon Lightning Spire   Summ/Air       2%         N/A       100%        4
 Dragon Form              Tmut           0%         N/A       100%        7
 Haunt                    Necr/Summ      1%         N/A       100%        7
 Lehudib's Crystal Spear  Conj/Erth      0%         10d2      100%        8
 Dragon's Call            Summ           1%         N/A       100%        9


Dungeon Overview and Level Annotations

Branches:
Dungeon (5/15)
 Temple: D:4-7

Altars:
Cheibriados

Annotations:
D:4 Dowan, Natasha


Innate Abilities, Weirdness & Mutations

You are immune to sickness and miasma.
Your stone body is resilient. (AC +4)
You are immune to poison.
You resist negative energy. (rN+)
You are resistant to electric shocks. (rElec)
You are resistant to unholy torment.
You are immune to petrification.


Message History

Duvessa hits you with a +1 rapier of protection.
You are too berserk!
You closely miss Duvessa.
Duvessa is lightly wounded.
Duvessa hits you with a +1 rapier of protection.
* * * LOW HITPOINT WARNING * * *
You barely miss Duvessa.
Duvessa is lightly wounded.
Natasha hisses angrily.
Duvessa hits you with a +1 rapier of protection.
* * * LOW HITPOINT WARNING * * *
You thump Duvessa!
Duvessa is heavily wounded.
Natasha mumbles some strange words.
Duvessa hits you with a +1 rapier of protection.
* * * LOW HITPOINT WARNING * * *
You barely miss Duvessa.
Duvessa is heavily wounded.
Duvessa hits you with a +1 rapier of protection.
* * * LOW HITPOINT WARNING * * *
You barely miss Duvessa. You punch Duvessa!
Duvessa is severely wounded.
You sock Duvessa!
You kill Duvessa!
Dowan screams, "No!
Oh no!"
Dowan seems to find hidden reserves of power!
Dowan gestures wildly while chanting.
Dowan blinks!
The crimson imp sputters.
Your Maces & Flails skill increases to level 4!
Your Armour skill increases to level 4!
Unknown command.
You miss Dowan.
Natasha casts a spell.
Dowan hits you but does no damage.
You sock Dowan!
Dowan is moderately wounded.
Dowan gestures at you while chanting. The shard of ice hits you!
You die...

#.# #.
#.#.#.##.### #.#
#. #..........#
#.# #.
#.#.#.##.#.#######
#.# #.
#.....##..........
#.# #.
###)######.######.
#.# #. #)# #..#
#.# #.# ##.# #.#
#.# #.# #.# #@#
#.# #.#
###e#######.# #.#
#.5.........# #.#
#.#h#######o# #.#
#.#.# #)# ###.# #
#5# #)# #...# #§#
#{# #.### #..


oS. #.# ..# #.# You could see Dowan (fast), Natasha, a crimson imp (summoned)
and a white imp (summoned).

Vanquished Creatures
  Duvessa (D:4)
  A scorpion (D:4)
  A hound (D:4)
  3 orc wizards
  3 adders
  An ufetubus (D:4)
  3 worms (D:2)
  3 dart slugs
  14 orcs
  3 ball pythons
  6 endoplasms
  6 giant cockroaches
  8 goblins
  8 hobgoblins
  7 jackals
  6 kobolds
  3 quokkas
  3 bats
  2 frilled lizards (D:1)
  7 rats
89 creatures vanquished.

Notes
Turn   | Place    | Note
-------+----------+-------------------------------------------
     0 | D:5      | xian the Gargoyle Delver began the quest for the Orb.
     0 | D:5      | Reached XP level 1. HP: 14/14 MP: 1/1
    31 | D:5      | Noticed a water moccasin
    87 | D:3      | Reached skill level 1 in Armour
    87 | D:3      | Reached XP level 2. HP: 14/19 MP: 2/2
   290 | D:3      | Got the Papyrus of Beckoning
   420 | D:2      | Reached XP level 3. HP: 15/24 MP: 3/3
  1089 | D:1      | Reached XP level 4. HP: 21/29 MP: 4/4
  1219 | D:1      | Found a faded altar of an unknown god.
  2436 | D:3      | Reached XP level 5. HP: 28/33 MP: 5/5
  3042 | D:4      | Found a snail-covered altar of Cheibriados.
  3067 | D:4      | Reached XP level 6. HP: 19/39 MP: 5/7
  3068 | D:4      | Reached skill level 1 in Summonings
  3806 | D:4      | Noticed Natasha
  3821 | D:4      | Reached skill level 1 in Spellcasting
  3868 | D:4      | Noticed Duvessa
  3881 | D:4      | Noticed Dowan
  3890 | D:4      | Killed Duvessa
  3892 | D:4      | Killed from afar by Dowan

Illustrated notes

Levels and vault maps discovered:
D:1:      erik_arrival_orb_chamber, layout_loops_ring,
          hellmonk_ecumenical_altar_dog_temple
D:2:      layout_rooms, kennysheep_cross_bottleneck, minmay_misc_feat_tiny
D:3:      layout_loops_ring, minmay_misc_feat_rows
D:4:      layout_loops_ring, cheibriados_altar_2, uniq_duvessa, uniq_natasha,
          uniq_grinder
D:5:      layout_basic, minmay_temple_entry_junction_2

Skill      XL: |  1  2  3  4  5  6 |
---------------+-------------------+-----
Armour         | 1 2 3 4 |  4.3
Fighting       | 4 |  4.6
Maces & Flails | 3 4 |  4.0
Summonings     | 1 |  1.3
Spellcasting   | 1 |  1.2
Dodging        | |  1.5
Stealth        | |  5.4

Action                   |  1- 3 |  4- 6 || total
-------------------------+-------+-------++-------
Melee: Mace              |    97 |   275 ||   372
       Punch             |       |     5 ||     5
Throw: Dart              |       |     3 ||     3
  Use: Scroll            |       |     6 ||     6
       Potion            |       |     3 ||     3
 Stab: Sleeping          |     3 |       ||     3
Armor: Leather armour    |    14 |       ||    14
       Chain mail        |    37 |   266 ||   303
Dodge: Dodged            |    47 |   119 ||   166

Table legend: (Time is in decaauts)
 A = Elapsed time spent in this place.
 B = Non-inter-level travel time spent in this place.
 C = Inter-level travel time spent in this place.
 D = Time resting spent in this place.
 E = Time spent auto-exploring this place.
 F = Levels seen in this place.
 G = Mean time per level.
                   A        B        C        D        E       F      G
               +--------+--------+--------+--------+--------+-----+--------+
         Total |   3991 |   3925 |     66 |      0 |   2693 |   5 |  798.2 |
       Dungeon |   3991 |   3925 |     66 |      0 |   2693 |   5 |  798.2 |
               +--------+--------+--------+--------+--------+-----+--------+

Top non-repeatable levels by time:
     D:3: 1230 daAuts
     D:4: 1051 daAuts
     D:1: 913 daAuts
     D:2: 761 daAuts
     D:5: 36 daAuts
